 Dungeon Crawl Stone Soup version 0.18-a0-1211-g828307d (webtiles) character file.

90 corax the Twirler (level 4, -5/34 HPs)
             Began as a Demonspawn Gladiator on Feb 2, 2016.
             Slain by a worm (6 damage)
             ... on level 2 of the Dungeon.
             The game lasted 00:07:18 (1888 turns).

corax the Twirler (Demonspawn Gladiator)            Turns: 1888, Time: 00:07:19

Health: -5/34      AC:  8    Str: 16    XL:     4   Next: 32%
Magic:  4/4        EV: 13    Int:  9    God:
Gold:   103        SH:  0    Dex: 14    Spells: 0 memorised, 3 levels left

rFire  . . .     SeeInvis .     a - +0 quarterstaff
rCold  . . .     Gourm    .     b - +0 leather armour
rNeg   . . .     Faith    .     (shield currently unavailable)
rPois  .         Spirit   .     (helmet restricted)
rElec  .         Dismiss  .     (no cloak)
rCorr  .         Reflect  .     m - +0 pair of gloves
SustAt .         Harm     +     (no boots)
MR     .....                    t - amulet of harm
Stlth  +.........               (no ring)
                                (no ring)

@: not resistant to hostile enchantments, very unstealthy
A: antennae 2, iridescent scales 1
a: no special abilities


You were on level 2 of the Dungeon.
You were not hungry.

You visited 1 branch of the dungeon, and saw 4 of its levels.

You collected 103 gold pieces.

Inventory:

Hand Weapons
 a - a +0 quarterstaff (weapon)
Missiles
 k - 22 poisoned needles
Armour
 b - a +0 leather armour (worn)
 m - a +0 pair of gloves (worn)
Jewellery
 t - an amulet of harm (around neck)
Scrolls
 i - a scroll of magic mapping {unknown}
 l - a scroll of enchant armour {unknown}
 n - a scroll of identify {unknown}
 o - a scroll of remove curse {unknown}
 q - a scroll of amnesia {unknown}
 s - 2 scrolls of recharging
Potions
 d - a potion of flight {unknown}
 e - a potion of invisibility {unknown}
 g - 3 potions of agility {unknown}
Comestibles
 c - a meat ration
 f - 2 bread rations
 j - a royal jelly
 p - a slice of pizza
 r - 3 fruits


   Skills:
 + Level 2.3 Fighting
 + Level 3.4 Staves
 + Level 1.8 Throwing
 + Level 1.3 Armour
 + Level 3.4 Dodging
 + Level 0.2 Stealth


You had 3 spell levels left.
You didn't know any spells.

Dungeon Overview and Level Annotations

Branches:
Dungeon (4/15)
 Temple: D:4-7

Altars:
Ashenzari
Nemelex Xobeh

Annotations:
D:3 4thArraOfDagon's ghost, weakling CeAE; Eustachio
D:4 corax's ghost, amateur OpHu


Innate Abilities, Weirdness & Mutations

You have a pair of antennae on your head.
You are partially covered in iridescent scales (AC +4).


Message History

Eustachio shouts!
Eustachio casts a spell.
There is a stone staircase leading up here.
Eustachio casts a spell.
Eustachio blinks!
You climb upwards.
There is a stone staircase leading down here.
You start resting.
A worm comes into view.
The worm bites you!
* * * LOW HITPOINT WARNING * * *
You sock the worm!
The worm is heavily wounded.
You hit the worm.
The worm is severely wounded.
The worm closely misses you.
You hit the worm.
The worm is severely wounded.
The worm bites you.
You die...

#.........#.# #####<#####.#
###### ############# #.#
###....###....(......#####.#
................>....'.....#
###....###...........#######
#....# #...........# #....#
#...........# #....#
#......@....# #>...#
#......w....#
#....###...........#
###......#...........#
.....#.#.#.......[...#
####.#.#.#.......#####
.###.#.#.#.......#
...#.#...#.......#
...#.##..#.......#


You could see a worm.

Vanquished Creatures
  4 adders
  An ooze (D:1)
  3 giant geckos
  An orc (D:2)
  7 bats
  2 giant cockroaches
  A hobgoblin (D:1)
  4 jackals (D:1)
  7 kobolds
  A quokka (D:2)
  A ball python (D:3)
  A giant newt (D:1)
  6 goblins
  9 rats
48 creatures vanquished.

Notes
Turn   | Place    | Note
--------------------------------------------------------------
     0 | D:1      | corax the Demonspawn Gladiator began the quest for the Orb.
     0 | D:1      | Reached XP level 1. HP: 16/16 MP: 1/1
    33 | D:1      | Gained mutation: You have a pair of small antennae on your head. [demonic ancestry]
    33 | D:1      | Reached XP level 2. HP: 22/22 MP: 2/2
    34 | D:1      | Reached skill level 3 in Staves
   480 | D:1      | Gained mutation: You are partially covered in iridescent scales (AC +4). [demonic ancestry]
   480 | D:1      | Reached XP level 3. HP: 27/27 MP: 3/3
  1032 | D:4      | Noticed Eustachio
  1075 | D:2      | Reached skill level 1 in Armour
  1212 | D:2      | Gained mutation: You have a pair of antennae on your head. [demonic ancestry]
  1212 | D:2      | Reached XP level 4. HP: 27/34 MP: 4/4
  1302 | D:2      | Found a sparkling altar of Nemelex Xobeh.
  1368 | D:3      | Noticed 4thArraOfDagon's ghost (weakling CeAE)
  1691 | D:4      | Noticed corax's ghost (amateur OpHu)
  1736 | D:3      | Found a shattered altar of Ashenzari.
  1885 | D:2      | HP: 1/34 [worm (12)]
  1888 | D:2      | Slain by a worm

Vault maps used:
D:1:      dpeg_arrival_central, minmay_misc_feat_pillars, serial_bayou_lagoon_b
D:2:      first_bread, nemelex_spade_bored_becter
D:3:      ashenzari_altar_1, uniq_grinder
D:4:      cheibriados_altar_wand_db, uniq_duvessa, uniq_eustachio

Action                   |  1- 3 |  4- 6 || total
-------------------------+-------+-------++-------
Melee: Quarterstaff      |   131 |    46 ||   177
  Use: Scroll            |       |     2 ||     2
  Eat: Chunk             |     1 |     2 ||     3
